Map: Amphion LE

Players

starkiller

  • Race: Protoss Protoss
  • League: Grandmaster
  • Spawn Location: 11:00

MiKasa - Winner!

  • Race: Terran Terran
  • League: Grandmaster
  • Spawn Location: 7:00

VOD

Have the link to the VOD?

Description

Time

  • Played on: Sept. 1, 2024, 1:07 a.m.
  • Length: 7:01
Show
View Real Time Build Order
Export as new Build Order

starkiller Protoss 

Build Orders: 1 Gate Expand, Double Forge 

Get SALT Encoding   

  12  0:00  Probe  
  13  0:12  Probe  
  14  0:19  Pylon  
  14  0:24  Probe  
  15  0:38  Probe  
  15  0:42  Gateway  
  16  0:50  Probe  
  17  1:03  Probe  
  18  1:15  Nexus  
  18  1:20  Probe  
  19  1:32  Cybernetics Core  
  19  1:34  Probe  
  19  1:39  Pylon  
  20  1:46  Assimilator  
  20  1:48  Assimilator  
  20  1:54  Zealot (Chrono Boost)  
  20  1:58  Probe  
  23  2:10  Probe  
  24  2:17  Stalker (Chrono Boost)  
  26  2:22  Probe  
  26  2:28  Probe  
  28  2:35  Probe (Chrono Boost)  
  29  2:40  Stalker, Probe (Chrono Boost)  
  32  2:47  Probe (Chrono Boost)  
  32  2:48  Warp Gate  
  34  2:52  Probe (Chrono Boost)  
  34  2:56  Probe (Chrono Boost)  
  34  2:58  Probe (Chrono Boost)  
  35  3:01  Probe  
  37  3:07  Probe  
  38  3:13  Probe  
  38  3:15  Stalker  
  38  3:19  Pylon  
  42  3:20  Probe  
  42  3:25  Probe  
  43  3:32  Probe  
  43  3:33  Nexus  
  44  3:37  Probe  
  45  3:42  Gateway  
  45  3:44  Probe  
  46  3:49  Forge, Probe  
  47  3:56  Probe  
  47  4:02  Twilight Council, Probe  
  49  4:08  Probe  
  50  4:13  Pylon  
  50  4:15  Probe  
  51  4:19  Protoss Ground Weapons Level 1 (Chrono Boost)  
  51  4:21  Probe  
  52  4:26  Pylon  
  52  4:27  Probe  
  52  4:29  Photon Cannon  
  53  4:32  Photon Cannon  
  53  4:33  Probe  
  54  4:39  Probe  
  54  4:40  Zealot x2  
  54  4:44  Photon Cannon  
  60  4:45  Probe x2  
  60  4:51  Probe  
  62  4:56  Forge  
  62  4:57  Probe  
  62  4:58  Probe  
  64  5:03  Probe  
  64  5:04  Pylon  
  65  5:08  Pylon  
  65  5:09  Gateway  
  65  5:10  Gateway  
  65  5:17  Gateway  
  65  5:20  Zealot  
  67  5:22  Gateway  
  67  5:23  Zealot  
  69  5:29  Gateway  
  69  5:31  Robotics Facility  
  69  5:33  Gateway  
  69  5:45  Gateway x2  
  69  5:48  Zealot x2  
  71  6:06  Twilight Council  
  71  6:07  Stalker x2  
  71  6:10  Stalker  
  77  6:13  Zealot  
  77  6:16  Immortal (Chrono Boost)  
  77  6:18  Pylon  
  79  6:25  Zealot  
  80  6:31  Zealot x2  
  80  6:32  Stalker  
  52  6:45  Stalker x4  
Show
View Real Time Build Order
Export as new Build Order

MiKasa Terran - Winner!

Build Orders: 2 Factory, Cyclone Opening, Mech 

Get SALT Encoding   

  12  0:01  SCV  
  13  0:13  SCV  
  14  0:18  Supply Depot  
  14  0:25  SCV  
  15  0:36  Refinery  
  15  0:40  SCV  
  16  0:49  Barracks  
  16  0:52  SCV  
  17  1:04  SCV  
  18  1:16  SCV  
  19  1:36  Orbital Command, Marine  
  20  1:49  Command Center  
  20  2:00  Factory  
  20  2:08  SCV, Barracks Reactor  
  21  2:16  Supply Depot  
  21  2:20  SCV  
  22  2:26  Refinery  
  22  2:32  SCV  
  23  2:44  SCV  
  26  2:51  Cyclone x2  
  26  2:56  SCV  
  29  3:04  Orbital Command  
  29  3:09  Factory  
  29  3:10  Barracks Tech Lab  
  28  3:14  SCV  
  29  3:28  SCV  
  29  3:30  SCV  
  29  3:31  Refinery  
  31  3:37  Cyclone x2  
  31  3:40  SCV  
  36  3:50  Factory  
  36  3:51  Barracks Reactor  
  36  3:53  SCV x2  
  38  4:02  Refinery  
  38  4:05  SCV  
  38  4:06  Hurricane Engines, Supply Depot  
  39  4:10  SCV  
  41  4:17  SCV  
  41  4:22  SCV  
  41  4:23  Siege Tank  
  45  4:29  SCV  
  46  4:31  Supply Depot  
  46  4:34  Cyclone  
  46  4:35  SCV  
  49  4:40  Cyclone  
  49  4:44  Cyclone  
  53  4:46  SCV  
  54  4:53  SCV  
  54  4:55  Supply Depot  
  55  5:01  Siege Tank  
  55  5:03  SCV  
  55  5:05  SCV  
  60  5:10  Cyclone  
  62  5:16  SCV  
  62  5:17  SCV  
  62  5:19  Supply Depot  
  62  5:20  Cyclone  
  66  5:29  SCV x2  
  68  5:41  Siege Tank, SCV  
  68  5:42  Supply Depot  
  72  5:43  Cyclone  
  74  5:58  Cyclone x2  
  78  6:05  Marine  
  78  6:06  Supply Depot  
  79  6:13  Siege Tank  
  82  6:19  Supply Depot  
  82  6:23  Marine  
  75  6:41  Marine  
Tags
 
Add a new tag
Caveats
  • Supply blocks, unpowered buildings, or Contaminate may cause inaccurate times.
  • Supply counts are checked every 10 seconds.